 Dungeon Crawl Stone Soup version 0.23-a0-108-gf7ee2ed (webtiles) character file.

49 Deathmic the Conjurer (level 3, -2/21 HPs)
             Began as an Octopode Conjurer on Aug 21, 2018.
             Slain by Jessica
             ... wielding a +0 club
              (3 damage)
             ... on level 2 of the Dungeon.
             The game lasted 00:03:16 (1514 turns).

Deathmic the Conjurer (Octopode Conjurer)           Turns: 1514, Time: 00:03:16

Health: -2/21      AC:  1    Str:  7    XL:     3   Next: 77%
Magic:  4/7        EV: 10    Int: 18    God:
Gold:   21         SH:  6    Dex: 12    Spells: 6/7 levels left

rFire    . . .     SeeInvis .   f - +0 dagger
rCold    . . .     Gourm    .   d - +0 shield
rNeg     . . .     Faith    .   (helmet restricted)
rPois    .         Spirit   .   (no amulet)
rElec    .         Reflect  .   (no ring)
rCorr    .         Harm     .   (no ring)
MR       .....                  (no ring)
Stlth    +++.......             (no ring)
HPRegen  0.07/turn              (no ring)
MPRegen  0.10/turn              (no ring)
                                (no ring)
                                (no ring)

@: very slightly contaminated
A: almost no armour, stealthy swim, amphibious, 8 rings, constrict 8, camouflage
1, gelatinous body 1
a: no special abilities


You were on level 2 of the Dungeon.
You were not hungry.

You visited 1 branch of the dungeon, and saw 2 of its levels.

You collected 21 gold pieces.

Inventory:

Hand Weapons
 f - a +0 dagger (weapon)
Armour
 d - a +0 shield (worn)
Scrolls
 g - 2 scrolls of identify
Potions
 a - a potion of haste
 e - a potion of flight {unknown}
 h - a potion of might {unknown}
Comestibles
 b - 3 rations
 c - a chunk of flesh


   Skills:
 - Level 2.0 Dodging
 + Level 3.8 Stealth
 + Level 2.7 Spellcasting
 + Level 4.4 Conjurations


You had 6 spell levels left.
You knew the following spells:

 Your Spells              Type           Power        Failure   Level  Hunger
z - Magic Dart            Conj           ###.         19%         1    #......

Your spell library contained the following spells:

 Spells                   Type           Power        Failure   Level  Hunger
 Searing Ray              Conj           ###...       28%         2    ##.....
 Dazzling Spray           Conj/Hex       ##....       82%         3    ###....
 Iskenderun's Mystic Bla  Conj           ###.....     88%         4    #####..
 Force Lance              Conj/Tloc      ##......     99%         4    #####..
 Fulminant Prism          Conj/Hex       ##........   99%         4    #####..


Dungeon Overview and Level Annotations

Branches:
Dungeon (2/15)

Altars:

Annotations:
D:2 Jessica, Terence


Innate Abilities, Weirdness & Mutations

You cannot wear most types of armour.
You are very stealthy in the water. (Stealth+)
You are amphibious.
You can wear up to eight rings at the same time.
You can use your tentacles to constrict eight enemies at once.
Your skin changes colour to match your surroundings (Stealth+).
Your rubbery body absorbs attacks. (AC +1, EV +1)


Message History

You are very lightly contaminated with residual magic.
Nothing appears to happen.
Casting: Magic Dart (safe; 19% risk of failure)
Confirm with . or Enter, or press ? or * to list all spells.
Aiming: Magic Dart (safe; 19% risk of failure)
Press: ? - help, Shift-Dir - straight line, f/p - Jessica
Aim: Jessica, wielding a club and wearing a robe (moderately wounded, fast)
The magic dart hits Jessica.
Jessica is severely wounded.
Jessica hits you with a club.
Casting: Magic Dart (safe; 19% risk of failure)
Confirm with . or Enter, or press ? or * to list all spells.
Aiming: Magic Dart (safe; 19% risk of failure)
Press: ? - help, Shift-Dir - straight line, f/p - Jessica
Aim: Jessica, wielding a club and wearing a robe (severely wounded, fast)
You miscast Magic Dart.
Nothing appears to happen.
Jessica hits you with a club.
* * * LOW HITPOINT WARNING * * *
Jessica hits you with a club.
You die...

#.##.#.........ยง..
#.##.#...........#
#.##.#...........# .
#.##.#...........#
#.#
##.##.#...........#
#...##...........###
#.........#####@#
#.#..##..#..#####.#
#.##. #......@@.#.#
#.##. #....####.#.#
#.##. #......##...#
#.##.##....#.....##
####.##..#....#####.#
..##.# #.#....# .$.
#.##.###......# .#.##
............### ....
#<#.#####.#.# . ###


You could see Jessica.

Vanquished Creatures
  2 adders (D:1)
  A dart slug (D:2)
  2 leopard geckos
  4 giant cockroaches (D:1)
  3 goblins (D:1)
  2 hobgoblins (D:1)
  A quokka (D:2)
  2 bats (D:1)
  4 frilled lizards
  2 kobolds (D:1)
  4 rats
27 creatures vanquished.

Notes
Turn   | Place    | Note
-------+----------+-------------------------------------------
     0 | D:1      | Deathmic the Octopode Conjurer began the quest for the Orb.
     0 | D:1      | Reached XP level 1. HP: 11/11 MP: 3/3
   198 | D:1      | Reached XP level 2. HP: 17/17 MP: 1/5
   898 | D:2      | Reached XP level 3. HP: 21/21 MP: 6/6
   973 | D:2      | Noticed Terence
  1500 | D:2      | Noticed Jessica
  1514 | D:2      | HP: 1/21 [Jessica/club (6)]
  1514 | D:2      | Slain by Jessica

Vault maps used:
D:1:      matt_arrival_los_fun
D:2:      nicolae_overflow_crystal_walls, first_ration, uniq_jessica,
          uniq_terence

Skill      XL: |  1 |
---------------+----+-----
Stealth        | 3 |  3.8
Dodging        | |  2.0
Spellcasting   | |  2.7
Conjurations   | |  4.4

Action                   || total
-------------------------++-------
Melee: Dagger            ||     5
       Constrict         ||     1
 Cast: Magic Dart        ||    58
  Use: Scroll            ||     1
 Stab: Sleeping          ||     1
  Eat: Chunk             ||     2
Armor: Skin              ||     2
Dodge: Dodged            ||    13
Block: Shield            ||     6

Table legend:
 A = Non-vault XP
 B = Vault XP
 C = Vault XP percentage of total XP
 D = Non-vault monster count
 E = Vault monster count
 F = Vault count percentage of total count
                 A         B        C        D         E       F
            +---------+---------+-------+---------+---------+-------
      Total |      71 |       0 |   0.0 |      27 |       0 |   0.0
            +---------+---------+-------+---------+---------+-------
        D:1 |      60 |       0 |   0.0 |      22 |       0 |   0.0
        D:2 |      11 |       0 |   0.0 |       5 |       0 |   0.0
            +---------+---------+-------+---------+---------+-------
